 Dungeon Crawl Stone Soup version 0.29.1 (webtiles) character file.

Game seed: 2470992317862191504

1934 greasedhog the Cleaver (level 9, 69/69 HPs)
             Began as a Formicid Fighter on Sept 14, 2022.
             Was an Elder of Elyvilon.
             Quit the game on level 7 of the Dungeon on Sept 15, 2022.
             The game lasted 00:09:48 (4855 turns).

greasedhog the Cleaver (Formicid Fighter)           Turns: 4855, Time: 00:09:49

Health: 69/69      AC: 13    Str: 24    XL:     9   Next: 40%
Magic:  12/12      EV:  9    Int:  9    God:    Elyvilon [****..]
Gold:   317        SH:  5    Dex: 13    Spells: 8/8 levels left

rFire   . . .      SeeInvis +   x - +6 mace "Spiderbane" {venom, rCorr}
rCold   . . .      Faith    .   c - +0 buckler
rNeg    . . .      Spirit   .   C - +0 chain mail
rPois   +          Reflect  .   (helmet unavailable)
rElec   .          Harm     .   B - +1 cloak
rCorr   +          Rampage  .   (no gloves)
Will    .....                   o - +0 pair of boots
Stlth   ..........              k - amulet of regeneration
HPRegen 1.01/turn               q - ring of poison resistance
MPRegen 0.13/turn               (no ring)

@: no status effects
A: permanent stasis, dig shafts and tunnels, antennae 3, four strong arms
a: Dig, Shaft Self, Renounce Religion, Purification, Heal Other, Heal Self


You were on level 7 of the Dungeon.
You worshipped Elyvilon.
Elyvilon was greatly pleased with you.
You visited 1 branch of the dungeon, and saw 7 of its levels.

You collected 317 gold pieces.

Inventory:

Hand Weapons
 a - a +0 war axe
 x - the +6 mace "Spiderbane" (weapon) {venom, rCorr}
   (You found it on level 6 of the Dungeon)

   It poisons the flesh of those it strikes.
   rCorr:     It protects you from acid and corrosion.
Armour
 c - a +0 buckler (worn)
 o - a +0 pair of boots (worn)
 B - a +1 cloak (worn)
 C - a +0 chain mail (worn)
Jewellery
 k - an amulet of regeneration (around neck)
 q - a ring of poison resistance (left hand)
 y - an amulet of reflection
Wands
 z - a wand of mindburst (16)
Scrolls
 e - 3 scrolls of fear
 h - 2 scrolls of noise {unknown}
 m - a scroll of butterflies
 p - 2 scrolls of amnesia {unknown}
 r - 3 scrolls of identify
 u - a scroll of summoning {unknown}
 v - a scroll of enchant armour {unknown}
 w - a scroll of immolation {unknown}
 A - 2 scrolls of magic mapping {unknown}
Potions
 d - a potion of might
 f - 4 potions of curing
 g - 2 potions of heal wounds {unknown}
 i - a potion of lignification {unknown}
 j - a potion of cancellation {unknown}
 l - 2 potions of attraction {unknown}
 n - a potion of berserk rage {unknown}
 s - 3 potions of ambrosia {unknown}
 t - a potion of degeneration {unknown}


   Skills:
 - Level 5.8 Fighting
 * Level 8.5 Axes
 - Level 5.0 Armour
 * Level 3.3 Dodging
 - Level 4.0 Shields
 - Level 5.2 Invocations


You had 8 spell levels left.
You didn't know any spells.
Your spell library contained the following spells:

 Spells                   Type           Power      Damage    Failure   Level
 Shock                    Conj/Air       0%         1d3       98%         1
 Gell's Gravitas          Tloc           0%         N/A       100%        3
 Ignite Poison            Fire/Tmut/Pois 0%         N/A       100%        3
 Inner Flame              Hex/Fire       0%         N/A       100%        3
 Lesser Beckoning         Tloc           0%         N/A       100%        3
 Mephitic Cloud           Conj/Pois/Air  0%         N/A       100%        3
 Teleport Other           Tloc           0%         N/A       100%        3
 Airstrike                Air            0%         2d(0-16)  100%        4
 Cause Fear               Hex            0%         N/A       100%        4
 Freezing Cloud           Conj/Ice/Air   0%         6-21      100%        5
 Dispersal                Tloc           0%         N/A       100%        6
 Discord                  Hex            0%         N/A       100%        8
 Swiftness                Air            Unusable   N/A       N/A         3

Dungeon Overview and Level Annotations

Branches:
Dungeon (7/15)             Temple (0/1) D:7

Altars:
Elyvilon
Wu Jian

Shops:
D:2 (


Innate Abilities, Weirdness & Mutations

You cannot be hasted, slowed, berserked, paralysed or teleported.
You can dig through walls and to a lower floor.
You have a pair of large antennae on your head. (SInv)
Your four strong arms can wield two-handed weapons with a shield.


Message History

The centaur hits you but does no damage.
The centaur kicks you but does no damage.
The centaur hits you but does no damage.
The centaur kicks you.
You hit the centaur.
The centaur looks as sick as possible!
The centaur is severely wounded.
You kill the centaur!
No target in view!
No target in view!
No target in view!
No target in view!
No target in view!
No target in view!
No target in view!
No target in view!
No target in view!
No target in view!
No target in view!
No target in view!
No target in view!
No target in view!
No target in view!
A water moccasin is nearby!
A water moccasin is nearby!
A water moccasin is nearby!
You start resting.
HP restored.
Found a stone staircase leading up.
Found a stone staircase leading up.
There is a stone staircase leading up here.
A jelly comes into view.
The jelly quivers.
Your health is already full.
Press: ? - help, Dir - move target, f - jelly Heal: a jelly (mindless) Saving game... please wait.
Welcome back, greasedhog the Formicid Fighter.
Elyvilon says: Go forth and aid the weak!
Press ? for a list of commands and other information.
Are you sure you want to abandon this character and quit the game? (Confirm with "yes".)

####...#..[.........
.....###.....####...
..#### #.....# #.. ...##
####### ....########
######
...........######.....#.
....######....<.........
...## ######.........
..## #.@....<.. ###
#.......!. # #.........
#......... #...J.....
##........ ##.....#.
######


You could see a jelly.

Vanquished Creatures
  Grinder (D:4)
  Sigmund (D:2)
  A water moccasin (D:6)
  An ice beast (D:6)
  An ogre (D:6)
  2 centaurs
  2 phantoms (D:6)
  A kobold brigand (D:7)
  A bullfrog (D:7)
  A howler monkey (D:5)
  2 hounds (D:5)
  Natasha (thrice) (D:2)
  5 iguanas
  3 orc wizards (D:6)
  8 adders
  A white imp (D:6)
  2 dart slugs (D:3)
  6 orcs
  6 bats
  6 endoplasms
  2 giant cockroaches (D:3)
  5 goblins
  5 hobgoblins
  5 jackals (D:1)
  2 quokkas
  6 ball pythons
  5 frilled lizards
  9 kobolds
93 creatures vanquished.

Vanquished Creatures (others)
  A kobold (D:7)
  2 plants (D:1)
3 creatures vanquished.

Grand Total: 96 creatures vanquished

Notes
Turn   | Place    | Note
-------+----------+-------------------------------------------
     0 | D:1      | greasedhog the Formicid Fighter began the quest for the
                  | Orb.
     0 | D:1      | Reached XP level 1. HP: 18/18 MP: 1/1
   255 | D:1      | Reached XP level 2. HP: 24/24 MP: 2/2
   580 | D:1      | Found a faded altar of an unknown god.
   662 | D:1      | Prayed at the altar of an unknown god.
   662 | D:1      | Became a worshipper of Elyvilon the Healer
   662 | D:1      | Reached * piety under Elyvilon
  1225 | D:2      | Reached XP level 3. HP: 26/30 MP: 3/3
  1375 | D:2      | Reached ** piety under Elyvilon
  1397 | D:2      | Noticed Natasha
  1403 | D:2      | Killed Natasha
  1404 | D:2      | Reached skill level 3 in Axes
  1408 | D:2      | Reached XP level 4. HP: 38/38 MP: 4/4
  1483 | D:2      | Noticed Natasha
  1498 | D:2      | Killed Natasha
  1510 | D:2      | Noticed Natasha
  1513 | D:2      | Killed Natasha
  1514 | D:2      | Reached XP level 5. HP: 43/43 MP: 5/5
  1520 | D:2      | Noticed Sigmund
  1530 | D:2      | Killed Sigmund
  1531 | D:2      | Reached skill level 5 in Fighting
  1531 | D:2      | Reached skill level 4 in Axes
  1531 | D:2      | Reached XP level 6. HP: 28/52 MP: 3/6
  1576 | D:2      | Found Wextia's Antique Weapon Shoppe.
  2047 | D:3      | Reached skill level 1 in Invocations
  2164 | D:3      | Reached skill level 5 in Axes
  2196 | D:3      | Found an ornate altar of the Wu Jian Council.
  2218 | D:3      | Found a white marble altar of Elyvilon.
  2222 | D:3      | Reached XP level 7. HP: 57/57 MP: 8/8
  2678 | D:3      | Reached *** piety under Elyvilon
  3109 | D:4      | Noticed Grinder
  3122 | D:4      | Killed Grinder
  3228 | D:4      | Found a runed translucent door.
  3229 | D:4      | Noticed Crazy Yiuf
  3233 | D:4      | Pacified Crazy Yiuf
  3393 | D:5      | Entered Level 5 of the Dungeon
  3425 | D:5      | Reached skill level 6 in Axes
  3435 | D:5      | Reached XP level 8. HP: 44/64 MP: 11/11
  3656 | D:5      | You fall into a shaft and drop 1 floor!
  3675 | D:6      | Reached skill level 5 in Invocations
  3679 | D:6      | Identified the +6 mace "Spiderbane" {venom, rCorr}
  3686 | D:6      | Reached **** piety under Elyvilon
  4077 | D:6      | Reached skill level 7 in Axes
  4154 | D:6      | Noticed Eustachio
  4168 | D:6      | Pacified Eustachio
  4259 | D:6      | Reached skill level 5 in Armour
  4267 | D:6      | Reached XP level 9. HP: 64/69 MP: 12/12
  4287 | D:6      | Reached skill level 1 in Dodging
  4748 | D:7      | Reached skill level 8 in Axes
  4817 | D:7      | Found a staircase to the Ecumenical Temple.
  4855 | D:7      | Quit the game

Illustrated notes

Levels and vault maps discovered:
D:1:      wander_arrival_desolate, layout_basic,
          hellmonk_ecumenical_altar_crossroads, serial_forest,
          infiniplex_forest_pool, infiniplex_forest_clump_diagonal,
          infiniplex_forest_clump_C, infiniplex_forest_corner_1,
          infiniplex_forest_lined_room_2, infiniplex_forest_join
D:2:      layout_rooms, serial_shops, nicolae_shop_statue_plus, serial_aquarium,
          aquarium_bridge_island_small [aquarium_subvault_small_open,
          aquarium_subvault_window, aquarium_subvault_balcony,
          aquarium_subvault_wall, aquarium_subvault_bridge], aquarium_window_1,
          aquarium_window_corner, aquarium_window_fake, aquarium_view_2e,
          aquarium_view_2d, aquarium_balcony_3a, uniq_sigmund, uniq_natasha
D:3:      layout_rooms, mainiacjoe_overflow_swirl, hangedman_decor_riveting,
          kennysheep_small_spiral, saegor_snake_ambush
D:4:      layout_gridville, uniq_crazy_yiuf_cottage, uniq_grinder
D:5:      layout_gridville, nemelex_diamond_rough_becter
D:6:      layout_layer_cave, ebering_dispersal_statue_hall,
          minmay_misc_feat_five, uniq_eustachio
D:7:      layout_rooms, minmay_temple_entry_purple_smoke,
          hangedman_decor_slide_cut, uniq_joseph

Skill      XL: |  1  2  3  4  5  6  7  8  9 |
---------------+----------------------------+-----
Fighting       | 4 5 |  5.8
Axes           | 3 4 5 6 7 8 |  8.5
Invocations    | 1 4 5 |  5.2
Armour         | 5 |  5.0
Dodging        | 3 |  3.3
Shields        | |  4.0

Action                   |  1- 3 |  4- 6 |  7- 9 || total
-------------------------+-------+-------+-------++-------
Melee: War axe           |    55 |    98 |    83 ||   236
       Mace              |       |       |    94 ||    94
Invok: Purification      |       |     1 |       ||     1
       Heal Other        |       |     2 |     7 ||     9
       Heal Self         |       |       |     1 ||     1
  Use: Scroll            |       |     4 |     1 ||     5
       Potion            |       |       |     1 ||     1
Armor: Scale mail        |    31 |    44 |    49 ||   124
       Chain mail        |       |       |    54 ||    54
Dodge: Dodged            |    31 |    47 |    90 ||   168
Block: Buckler           |    20 |    23 |    49 ||    92
